 Dungeon Crawl Stone Soup version 0.28.0-1-gb440e238dd (webtiles) character file.

Game seed: 5428743216963393327

21138 mandarbmax the Grappler (level 12, -19/133 HPs)
             Began as an Ogre Transmuter on Feb 21, 2022.
             Was a High Priest of Okawaru.
             Killed from afar by a deep elf pyromancer (37 damage)
             ... with a bolt of fire
             ... in the Arena.
             The game lasted 00:39:22 (14841 turns).

mandarbmax the Grappler (Ogre Transmuter)          Turns: 14841, Time: 00:39:23

Health: -19/133    AC:  2    Str: 23    XL:     12   Next: 86%
Magic:  14/23      EV: 20    Int: 15    God:    Okawaru [*****.]
Gold:   209        SH:  0    Dex: 20    Spells: 9/26 levels left

rFire   . . .      SeeInvis .     - Unarmed
rCold   . . .      Faith    .   (shield currently unavailable)
rNeg    . . .      Spirit   .   (armour currently unavailable)
rPois   x          Reflect  .   (helmet currently unavailable)
rElec   .          Harm     .   (cloak currently unavailable)
rCorr   .          Rampage  .   (gloves unavailable)
Will    +++..      Rage     50% (boots unavailable)
Stlth   ++........              J - necklace of Bloodlust {*Rage Will++ Int-3 Slay+6}
HPRegen 0.32/turn               j - +6 ring of dexterity
MPRegen 0.18/turn               K - +6 ring of strength

@: spider-form, on berserk cooldown, slowed, duelling, very slow
A: venomous fangs, tiny, unfitting armour, (tough skin 1)
a: End Transformation, Renounce Religion, Heroism, Finesse, Duel


You were in the Arena.
You worshipped Okawaru.
Okawaru was extremely pleased with you.
You were a venomous arachnid creature.
You visited 1 branch of the dungeon, and saw 11 of its levels.
You also visited: Ossuary and Bailey.

You collected 1881 gold pieces.
You spent 1672 gold pieces at shops.

Inventory:

Hand Weapons
 b - the +8 fustibalus of Ubysoq {vorpal, rC+++ Int+5 Stlth-}
   (You found it in a bailey)

   Any ammunition fired from it inflicts extra damage upon your enemies.
   Int:       It affects your intelligence (+5).
   rC:        It renders you almost immune to cold.
   Stlth:     It makes you less stealthy.
Missiles
 c - 10 boomerangs
 o - 3 large rocks
 r - 5 poisoned darts
 L - a curare-tipped dart
 N - 4 javelins
Armour
 k - the +0 kite shield of Satisfaction {Str+5 Int+4}
   (Okawaru gifted it to you on level 10 of the Dungeon)

   Str:       It affects your strength (+5).
   Int:       It affects your intelligence (+4).
 n - a scarf of repulsion (melded)
 y - a +0 troll leather armour (melded)
 B - an orb of wrath (melded)
 M - a +1 hat of intelligence (melded)
Jewellery
 a - an amulet of guardian spirit
 j - a +6 ring of dexterity (left front leg)
 J - the necklace of Bloodlust (around neck) {*Rage Will++ Int-3 Slay+6}
   (You bought it in a shop on level 7 of the Dungeon)

   [amulet of nothing]

   It extends the wearer's berserk rage when killing foes.
   Int:       It affects your intelligence (-3).
   Slay:      It affects your accuracy & damage with ranged weapons and melee
   (+6).
   *Rage:     It berserks you when you make melee attacks (+50% chance).
   Will:      It greatly increases your willpower.
 K - a +6 ring of strength (right front leg)
Wands
 D - a wand of polymorph (5)
 E - a wand of paralysis (11)
 O - a wand of mindburst (18)
Scrolls
 d - 4 scrolls of magic mapping
 f - a scroll of holy word
 g - 7 scrolls of fog
 q - a scroll of enchant weapon
 v - 3 scrolls of teleportation
 w - 2 scrolls of blinking
 x - 2 scrolls of vulnerability
 C - a scroll of amnesia
 F - a scroll of enchant armour
 I - a scroll of fear
Potions
 e - 2 potions of flight
 h - 4 potions of attraction
 i - 4 potions of curing
 l - 2 potions of lignification
 m - 3 potions of brilliance
 p - 2 potions of invisibility {unknown}
 s - 2 potions of magic {unknown}
 u - a potion of might
 z - a potion of ambrosia
 A - 5 potions of mutation {unknown}
 G - a potion of haste
 H - a potion of berserk rage


   Skills:
 + Level 12.7 Fighting
 + Level 3.0 Dodging
 * Level 14.4 Unarmed Combat
 + Level 7.7 Spellcasting
 + Level 4.5 Transmutations
 - Level 6.0 Invocations


You had 9 spell levels left.
You knew the following spells:

 Your Spells              Type           Power      Damage    Failure   Level
a - Beastly Appendage     Tmut           38%        N/A       8%          1
b - Wereblood             Tmut           19%        N/A       11%         2
c - Spider Form           Tmut/Pois      12%        N/A       32%         3
d - Ice Form              Ice/Tmut       12%        N/A       65%         4
e - Dragon Form           Tmut           9%         N/A       100%        7

Your spell library contained the following spells:

 Spells                   Type           Power      Damage    Failure   Level
 Slow                     Hex            20%        N/A       28%         1
 Corpse Rot               Necr/Air       10%        N/A       38%         2
 Poisonous Vapours        Pois/Air       10%        N/A       38%         2
 Confusing Touch          Hex            5%         N/A       58%         3
 Vampiric Draining        Necr           5%         2d6       58%         3
 Cause Fear               Hex            2%         N/A       90%         4
 Dragon's Call            Summ           Unusable   N/A       N/A         9

Dungeon Overview and Level Annotations

Branches:
Dungeon (10/15)            Temple (0/1) D:5            Lair (0/6) D:9
    Orc (0/2) D:9         Ossuary (visited)          Bailey (visited)

Altars:
Cheibriados
Dithmenos
Elyvilon
Gozag
Okawaru
Qazlal
Sif Muna
Vehumet
Wu Jian
Xom

Shops:
D:6 :   D:7 =(*!


Innate Abilities, Weirdness & Mutations

You are a venomous arachnid creature.
You have poisonous fangs.
You are tiny and dextrous.
Your spellcasting is less reliable in this form.
Your armour is entirely melded.
You are incapable of wielding weapons or throwing items.
You are too large for most types of armour.
((You have tough skin. (AC +1)))


Message History

Your +1 hat of intelligence melds into your body.
Your orb of wrath melds into your body.
Your +0 troll leather armour melds into your body.
The haze of the repulsion field disappears.
You feel stupid.
The troll shouts!
You maul the troll!!
The troll looks as sick as possible!
The troll is severely wounded.
The troll completely misses you. The troll misses you.
The troll closely misses you.
You maul the troll!!
You kill the troll!
Okawaru accepts your kill.
Your Dodging skill increases to level 3!
You see here a troll corpse.
The tengu reaver shouts!
You hear a shout! x2
The tengu reaver casts a spell at you. The bolt of fire misses you.
The tengu reaver points at you and mumbles some strange words.
The bolt of lightning hits you!!! x2
* * * LOW HITPOINT WARNING * * *
You hear a shout!
Aiming: Duel (45% risk of failure)
Press: ? - help, Dir - move target, f - deep elf pyromancer
Aim: a deep elf pyromancer, wielding a +0 long sword You enter into single combat with the deep elf pyromancer!
The world spins around you as you enter the gateway.
You enter Okawaru's Arena!
The spectator shouts! x6
The deep elf pyromancer points at you and mumbles some strange words.
The bolt of fire misses you.
Found a gate leading back out of this place.
There is an empty arch of ancient stone here.
The spectator shouts! x3
You bite the deep elf pyromancer!
The deep elf pyromancer is poisoned.
The deep elf pyromancer is moderately wounded.
The deep elf pyromancer casts a spell at you.
The bolt of fire hits you!!!
You die...
Okawaru crowns the deep elf pyromancer victorious!

#########
##.p▓▓▓p.##
##..▓▓.▓▓..##
##.p▓▓...▓▓p.##
#..▓▓.....▓▓..#
#p▓▓.......▓▓p#
#▓▓.........▓.#
#∩▓....s....▓#
#▓▓....e....▓.#
#p▓▓.......▓▓p#
#..▓▓.....▓▓..#
##.p▓▓...▓▓p.##
##..▓▓.▓▓..##
##.p▓▓▓p.##
#########


You could see a deep elf pyromancer (very poisoned).

Vanquished Creatures
  Gastronok (D:8)
  Josephine (D:10)
  2 boulder beetles
  Pikel (D:9)
  4 orc knights (Bailey)
  An orc sorcerer (Bailey)
  Maggie (D:8)
  2 kobold demonologists
  A troll (D:11)
  Prince Ribbit (D:6)
  A snapping turtle (Bailey)
  A meliai zombie (D:10)
  5 wraiths (D:10)
  A shadow (D:9)
  9 yaks
  2 vampire mosquitoes (D:10)
  Menkaure (D:5)
  A floating eye (D:9)
  2 water moccasins
  13 orc warriors
  3 sky beasts
  3 ice beasts (D:10)
  A necrophage (D:6)
  2 ogres (D:5)
  2 lemures (D:9)
  2 centaurs
  Blork the orc (D:4)
  5 elf zombies (Ossuary)
  A kobold brigand (D:8)
  4 bullfrogs
  6 scorpions
  4 wights (D:8)
  4 killer bees (D:10)
  A howler monkey (D:10)
  3 electric eels
  2 hounds
  A jelly (D:4)
  5 human zombies (Ossuary)
  3 centaur zombies
  2 orc priests
  A bullfrog skeleton (D:6)
  Jessica (D:3)
  An iguana (D:6)
  5 orc wizards
  A killer bee zombie (D:9)
  A howler monkey zombie (D:7)
  3 mummies (Ossuary)
  Robin (D:2)
  5 gnolls
  9 adders
  A shadow imp (D:7)
  2 white imps
  An ufetubus (D:3)
  4 worms
  3 dart slugs
  49 orcs
  6 bats
  7 endoplasms
  6 giant cockroaches
  16 hobgoblins
  8 jackals
  14 kobolds
  5 quokkas
  A ball python (D:3)
  7 frilled lizards
  21 goblins
  6 rats
291 creatures vanquished.

Vanquished Creatures (others)
  7 plants (D:5)
7 creatures vanquished.

Grand Total: 298 creatures vanquished

Notes
Turn   | Place    | Note
-------+----------+-------------------------------------------
     0 | D:1      | mandarbmax the Ogre Transmuter began the quest for the Orb.
     0 | D:1      | Reached XP level 1. HP: 19/19 MP: 3/3
   288 | D:1      | Reached skill level 3 in Unarmed Combat
   288 | D:1      | Reached XP level 2. HP: 21/27 MP: 3/5
   902 | D:1      | Reached XP level 3. HP: 26/33 MP: 5/7
  1223 | D:2      | Learned a level 2 spell: Wereblood
  1227 | D:2      | Learned a level 3 spell: Spider Form
  1379 | D:2      | Reached XP level 4. HP: 42/42 MP: 4/8
  1590 | D:2      | Reached skill level 4 in Unarmed Combat
  1595 | D:2      | Noticed Robin
  1616 | D:2      | HP: 2/44 [Robin (6)]
  1923 | D:2      | Killed Robin
  2145 | D:2      | Reached XP level 5. HP: 50/50 MP: 6/10
  2602 | D:3      | Found a faded altar of an unknown god.
  3585 | D:3      | Found an iron altar of Okawaru.
  3591 | D:3      | Became a worshipper of Warmaster Okawaru
  3594 | D:3      | Noticed Jessica
  3599 | D:3      | Killed Jessica
  3880 | D:4      | Reached XP level 6. HP: 53/62 MP: 6/12
  3944 | D:4      | Noticed Blork the orc
  3955 | D:4      | Killed Blork the orc
  4004 | D:4      | Reached * piety under Okawaru
  4593 | D:5      | Entered Level 5 of the Dungeon
  4610 | D:5      | Found a white marble altar of Elyvilon.
  4621 | D:5      | Found a staircase to the Ecumenical Temple.
  4621 | D:5      | Noticed a sky beast
  4633 | D:5      | Killed a sky beast
  4634 | D:5      | Reached XP level 7. HP: 66/71 MP: 5/13
  4733 | D:5      | Found a shadowy altar of Dithmenos.
  4734 | D:5      | Found a shimmering blue altar of Sif Muna.
  4734 | D:5      | Found a stormy altar of Qazlal.
  4737 | D:5      | Found a radiant altar of Vehumet.
  4826 | D:5      | Noticed a yak
  4829 | D:5      | Reached skill level 5 in Fighting
  4831 | D:5      | Noticed a yak
  4832 | D:5      | Noticed a yak
  4833 | D:5      | Noticed a yak
  4835 | D:5      | Noticed a yak
  4838 | D:5      | Killed a yak
  4840 | D:5      | Noticed a yak
  4850 | D:5      | Killed a yak
  4850 | D:5      | Reached ** piety under Okawaru
  4851 | D:5      | Reached skill level 5 in Spellcasting
  4856 | D:5      | Killed a yak
  4857 | D:5      | Reached skill level 5 in Unarmed Combat
  4857 | D:5      | Reached XP level 8. HP: 58/83 MP: 4/16
  4863 | D:5      | Killed a yak
  4869 | D:5      | Killed a yak
  4876 | D:5      | Killed a yak
  4877 | D:5      | Reached skill level 6 in Unarmed Combat
  4882 | D:5      | Found a sand-covered staircase.
  4891 | Ossuary  | Entered an ossuary
  5339 | Ossuary  | Reached *** piety under Okawaru
  5573 | Ossuary  | Reached XP level 9. HP: 87/96 MP: 12/18
  5925 | Ossuary  | Reached skill level 7 in Unarmed Combat
  6059 | D:5      | Found the +7 captain's cutlass {speed, disarm}
  6063 | D:5      | Noticed Menkaure
  6070 | D:5      | Killed Menkaure
  6851 | D:6      | Found Ruexopud's Book Emporium.
  6904 | D:6      | Reached **** piety under Okawaru
  6905 | D:6      | Reached skill level 8 in Unarmed Combat
  7080 | D:6      | Noticed Prince Ribbit
  7089 | D:6      | Killed Prince Ribbit
  7090 | D:6      | Reached skill level 1 in Invocations
  8107 | D:7      | Found a flagged portal.
  8124 | Bailey   | Entered a bailey
  8560 | Bailey   | Noticed an orc knight
  8580 | Bailey   | Reached skill level 10 in Fighting
  8580 | Bailey   | Reached XP level 10. HP: 37/110 MP: 11/19
  8716 | Bailey   | an orc knight changed into a snapping turtle
  8727 | Bailey   | Reached skill level 9 in Unarmed Combat
  8976 | Bailey   | Noticed an orc knight
  8998 | Bailey   | Killed an orc knight
  8998 | Bailey   | Reached ***** piety under Okawaru
  9244 | Bailey   | Noticed an orc knight
  9251 | Bailey   | Noticed a kobold demonologist
  9267 | Bailey   | Killed an orc knight
  9268 | Bailey   | Noticed a smoke demon
  9271 | Bailey   | Killed a kobold demonologist
  9278 | Bailey   | Learned a level 4 spell: Ice Form
  9571 | Bailey   | Noticed an orc knight
  9581 | Bailey   | HP: 5/111 [orc knight (27)]
  9618 | Bailey   | Killed an orc knight
  9985 | Bailey   | Reached skill level 10 in Unarmed Combat
 10519 | Bailey   | Reached skill level 5 in Invocations
 10604 | Bailey   | Acquired 1218 gold pieces
 10671 | Bailey   | Found an iron altar of Okawaru.
 10671 | Bailey   | Noticed an orc knight
 10671 | Bailey   | Noticed an orc sorcerer
 10678 | Bailey   | Killed an orc sorcerer
 10690 | Bailey   | Killed an orc knight
 10691 | Bailey   | Reached XP level 11. HP: 112/120 MP: 6/20
 10707 | Bailey   | Identified the +8 fustibalus of Ubysoq {vorpal, rC+++ Int+5
                  | Stlth-}
 10755 | Bailey   | Reached skill level 13 in Unarmed Combat
 10755 | Bailey   | Reached XP level 12. HP: 130/130 MP: 17/21
 11006 | D:7      | Found Naekkaoq's Jewellery Emporium.
 11108 | D:7      | Found Xemahu's Weapon Boutique.
 11296 | D:7      | Found Ecoam's Distillery.
 11304 | D:7      | Bought a potion of haste for 140 gold pieces
 11304 | D:7      | Bought a potion of brilliance for 56 gold pieces
 11322 | D:7      | Found an opulent altar of Gozag.
 11384 | D:7      | Found Kealolas's General Store.
 11390 | D:7      | Bought a potion of berserk rage for 60 gold pieces
 11390 | D:7      | Bought a scroll of fear for 42 gold pieces
 11425 | D:7      | Bought the necklace of Bloodlust {*Rage Will++ Int-3
                  | Slay+6} for 555 gold pieces
 11425 | D:7      | Found the necklace of Bloodlust {*Rage Will++ Int-3 Slay+6}
 11425 | D:7      | Bought a +6 ring of strength for 819 gold pieces
 11538 | D:8      | Found an ornate altar of the Wu Jian Council.
 11650 | D:8      | Noticed Gastronok
 11664 | D:8      | Killed Gastronok
 11664 | D:8      | Identified the +10 broad axe of Gallantry {speed, Will++
                  | Dex+3} (Okawaru gifted it to you on level 8 of the Dungeon)
 11664 | D:8      | Received a gift from Okawaru
 12141 | D:9      | Noticed Maggie
 12422 | D:8      | Killed Maggie
 12525 | D:9      | Noticed Pikel
 12525 | D:9      | Noticed a two-headed ogre
 12526 | D:9      | a two-headed ogre changed into a floating eye
 12536 | D:9      | Killed Pikel
 12598 | D:9      | Found a staircase to the Orcish Mines.
 13017 | D:9      | Found a staircase to the Lair.
 13708 | D:9      | Reached skill level 14 in Unarmed Combat
 13869 | D:9      | Noticed a boulder beetle
 13879 | D:9      | Killed a boulder beetle
 14257 | D:10     | Entered Level 10 of the Dungeon
 14432 | D:10     | Learned a level 7 spell: Dragon Form
 14475 | D:10     | Noticed Josephine
 14504 | D:10     | Killed Josephine
 14515 | D:10     | Reached ****** piety under Okawaru
 14551 | D:10     | Identified the +0 kite shield of Satisfaction {Str+5 Int+4}
                  | (Okawaru gifted it to you on level 10 of the Dungeon)
 14551 | D:10     | Received a gift from Okawaru
 14797 | D:10     | Found a snail-covered altar of Cheibriados.
 14799 | D:10     | You fall into a shaft and drop 1 floor!
 14799 | D:11     | Noticed a tengu warrior
 14799 | D:11     | Found a shimmering altar of Xom.
 14800 | D:11     | Noticed a two-headed ogre
 14801 | D:11     | Noticed a seven-headed hydra
 14802 | D:11     | Noticed a tengu reaver
 14803 | D:11     | Noticed a boulder beetle
 14815 | D:11     | Killed a boulder beetle
 14840 | Arena    | Entered the Arena
 14841 | Arena    | Killed from afar by a deep elf pyromancer

Illustrated notes

Levels and vault maps discovered:
D:1:      sevenhm_arrival_forest_fort_small_3, layout_basic, minmay_pentomino_p2
D:2:      layout_rooms, grunt_ministairs_8, minmay_quantized, uniq_robin
D:3:      layout_basic, old_standard_altar, chequers_ecumenical_altar_island,
          kennysheep_generic_room_6, uniq_jessica
D:4:      layout_cave_pools, uniq_blork_the_orc
D:5:      minmay_general_purpose_star, layout_loops_corners,
          overflow_temple_1_default, grunt_temple_overflow_open,
          minmay_temple_entry_glass, lightli_ossuary_entry_decrepit_ruins,
          hangedman_decor_lopped, serial_bayou_pond_c, uniq_menkaure
D:6:      layout_loops_ring, serial_shops, nicolae_stop_n_shop_2,
          gup_sewer_entry_spiral, minmay_misc_feat_ornament, uniq_prince_ribbit1
D:7:      layout_rooms, general_overflow_altar, serial_shops, shop,
          kennysheep_little_box, shop, shop, enter_bailey_5
D:8:      layout_rooms, old_standard_altar, uniq_gastronok
D:9:      layout_layer_cave, lair_entry_dummy, hiddenorc2_lemuel,
          nzn_sisyphean_effort, uniq_maggie, uniq_pikel
D:10:     minmay_twisted_water, layout_basic, mainiacjoe_overflow_chevrons,
          st_stairs_8, uniq_psyche, uniq_josephine
D:11:     minmay_the_grid_square_5x5_4x4_mashed
          [minmay_the_grid_square_5x5_gyroscope,
          minmay_the_grid_square_5x5_empty, minmay_the_grid_square_5x5_moneybag,
          minmay_the_grid_square_5x5_checkered, minmay_the_grid_square_5x5_v,
          minmay_the_grid_square_5x5_prize_open,
          minmay_the_grid_square_5x5_prize_monsterx,
          minmay_the_grid_square_5x5_minivault,
          minmay_the_grid_square_5x5_three_small,
          minmay_the_grid_square_5x5_prize_pseudospiral,
          minmay_the_grid_square_5x5_prize_open,
          minmay_the_grid_square_5x5_spiral, minmay_the_grid_square_5x5_plus,
          minmay_the_grid_square_5x5_shrine1,
          minmay_the_grid_square_5x5_minimal, minmay_the_grid_square_5x5_two],
          layout_basic
Arena

Skill      XL: |  1  2  3  4  5  6  7  8  9 10 11 12 |
---------------+-------------------------------------+-----
Unarmed Combat | 3 4 5 6 8 10 13 14 | 14.4
Dodging        | 2 3 |  3.0
Transmutations | 2 3 4 |  4.5
Spellcasting   | 3 4 5 6 7 |  7.7
Fighting       | 2 4 6 8 10 11 12 | 12.7
Invocations    | 2 5 6 |  6.0

Action                   |  1- 3 |  4- 6 |  7- 9 | 10-12 || total
-------------------------+-------+-------+-------+-------++-------
Melee: Unarmed           |    82 |   173 |   292 |   307 ||   854
       Headbutt          |    15 |     7 |    20 |       ||    42
       Kick              |    11 |     9 |    26 |       ||    46
       Punch             |     1 |     2 |     8 |       ||    11
 Cast: Beastly Appendage |    26 |    16 |     5 |       ||    47
       Wereblood         |     1 |     8 |    10 |    29 ||    48
       Spider Form       |       |    27 |    28 |    55 ||   110
Invok: Heroism           |       |       |     2 |     3 ||     5
       Finesse           |       |       |       |     1 ||     1
       Duel              |       |       |       |     1 ||     1
Evoke: Wand              |       |       |     1 |    10 ||    11
  Use: Scroll            |       |     5 |     6 |     8 ||    19
       Potion            |       |       |       |     5 ||     5
 Stab: Sleeping          |     1 |     2 |     2 |       ||     5
Armor: Robe              |    18 |    26 |    13 |       ||    57
       Skin              |       |       |    10 |     4 ||    14
       Troll leather arm |       |       |       |     6 ||     6
Dodge: Dodged            |    39 |   125 |   152 |   218 ||   534
       Repelled          |       |       |       |     2 ||     2
